 Dungeon Crawl Stone Soup version 0.29-a0-39-g581ba40fa7 (webtiles) character file.

Game seed: 2690167032211508725

23 Bosse the Magician (level 2, -1/19 HPs)
             Began as a Demonspawn Hedge Wizard on Feb 1, 2022.
             Slain by a goblin (3 damage)
             ... on level 1 of the Dungeon.
             The game lasted 00:04:08 (687 turns).

Bosse the Magician (Demonspawn Hedge Wizard)         Turns: 687, Time: 00:04:08

Health: -1/19      AC:  2    Str: 10    XL:     2   Next: 72%
Magic:  1/6        EV: 12    Int: 15    God:
Gold:   32         SH:  0    Dex: 12    Spells: 7/8 levels left

rFire   . . .      SeeInvis .   a - +0 dagger
rCold   . . .      Faith    .   (no shield)
rNeg    + . .      Spirit   .   b - +0 robe
rPois   .          Reflect  .   c - +0 hat
rElec   .          Harm     .   (no cloak)
rCorr   .          Rampage  .   (no gloves)
Will    .....                   (no boots)
Stlth   ++........              (no amulet)
HPRegen 0.06/turn               d - ring of positive energy
MPRegen 0.10/turn               (no ring)

@: no status effects
A: foul stench 1
a: no special abilities


You were on level 1 of the Dungeon.
You visited 1 branch of the dungeon, and saw 2 of its levels.

You collected 32 gold pieces.

Inventory:

Hand Weapons
 a - a +0 dagger (weapon)
Armour
 b - a +0 robe (worn)
 c - a +0 hat (worn)
Jewellery
 d - a ring of positive energy (left hand)
Scrolls
 e - a scroll of fog {unknown}


   Skills:
 + Level 2.0 Dodging
 + Level 1.8 Stealth
 + Level 3.6 Spellcasting
 + Level 1.3 Conjurations
 + Level 1.0 Summonings
 + Level 0.8 Translocations


You had 7 spell levels left.
You knew the following spells:

 Your Spells              Type           Power      Damage    Failure   Level
a - Magic Dart            Conj           24%        1d4       11%         1

Your spell library contained the following spells:

 Spells                   Type           Power      Damage    Failure   Level
 Slow                     Hex            8%         N/A       19%         1
 Call Imp                 Summ           5%         N/A       19%         2
 Blink                    Tloc           10%        N/A       21%         2
 Conjure Flame            Conj/Fire      4%         6-21      41%         3
 Mephitic Cloud           Conj/Pois/Air  4%         N/A       43%         3


Dungeon Overview and Level Annotations

Branches:
Dungeon (2/15)

Altars:


Innate Abilities, Weirdness & Mutations

You may rarely emit foul miasma when damaged in melee.


Message History

The bat closely misses you. The bat barely misses you.
The giant cockroach bites you.
You emit a cloud of foul miasma!
The magic dart hits the giant cockroach.
The giant cockroach is almost dead.
The endoplasm quivers.
The bat hits you.
The giant cockroach is engulfed in dark miasma.
The giant cockroach is poisoned.
You kill the giant cockroach!
A goblin comes into view. It is wielding a +0 dagger.
The bat barely misses you.
You see here a giant cockroach corpse.
You hit the endoplasm but do no damage. The bat barely misses you.
The endoplasm closely misses you.
A goblin comes into view. It is wielding a +0 dagger.
You hit the endoplasm.
The endoplasm is moderately wounded.
The bat hits you but does no damage. The endoplasm completely misses you.
The magic dart hits the bat.
You kill the bat!
The hobgoblin hits you. The endoplasm freezes you.
You are frozen.
The magic dart hits the endoplasm.
The endoplasm is moderately wounded.
The hobgoblin barely misses you. The endoplasm closely misses you.
You are too depleted to draw on your mana recklessly!
You barely miss the goblin. The hobgoblin closely misses you.
The goblin barely misses you. The endoplasm misses you.
You hit the goblin.
The goblin is severely wounded.
The hobgoblin hits you. The goblin closely misses you. The endoplasm hits you.
* * * LOW HITPOINT WARNING * * *
You hit the goblin.
You kill the goblin!
The hobgoblin hits you.
* * * LOW HITPOINT WARNING * * *
The endoplasm closely misses you.
You miss the goblin. The goblin hits you with a +0 dagger.
You die...

##...#.. # ...
... ## ......?l
.# ##...#.# ..
.## ##. # .. #.
#### #.#...##
####.#gg....#.#
#....$.@J......
.###........#..
#.........._
#...######..
..... . ###.##
#. #.


You could see an endoplasm, a hobgoblin and a goblin.

Vanquished Creatures
  2 ball pythons (D:1)
  2 endoplasms (D:1)
  A giant cockroach (D:1)
  3 goblins (D:1)
  3 hobgoblins (D:1)
  A quokka (D:1)
  4 bats
  A kobold (D:1)
  2 rats (D:1)
19 creatures vanquished.

Notes
Turn   | Place    | Note
-------+----------+-------------------------------------------
     0 | D:1      | Bosse the Demonspawn Hedge Wizard began the quest for the
                  | Orb.
     0 | D:1      | Reached XP level 1. HP: 13/13 MP: 4/4
   331 | D:1      | Gained mutation: You may rarely emit foul miasma when
                  | damaged in melee. [demonic ancestry]
   331 | D:1      | Reached XP level 2. HP: 17/19 MP: 1/6
   640 | D:1      | You fall into a shaft and drop 1 floor!
   674 | D:1      | Found a faded altar of an unknown god.
   687 | D:1      | Slain by a goblin

Illustrated notes

Levels and vault maps discovered:
D:1:      minmay_arrival_shattered_statue, layout_loops_ring,
          ebering_ecumenical_altar_mist, serial_bayou_crossing
D:2:      layout_rooms

Skill      XL: |  1 |
---------------+----+-----
Dodging        | 2 |  2.0
Stealth        | |  1.8
Spellcasting   | |  3.6
Conjurations   | |  1.3
Summonings     | |  1.0
Translocations | |  0.8

Action                   || total
-------------------------++-------
Melee: Dagger            ||     8
 Cast: Magic Dart        ||    38
Armor: Robe              ||     2
Dodge: Dodged            ||    20

Table legend: (Time is in decaauts)
 A = Elapsed time spent in this place.
 B = Non-inter-level travel time spent in this place.
 C = Inter-level travel time spent in this place.
 D = Time resting spent in this place.
 E = Time spent auto-exploring this place.
 F = Levels seen in this place.
 G = Mean time per level.
                   A        B        C        D        E       F      G
               +--------+--------+--------+--------+--------+-----+--------+
         Total |    691 |    691 |      0 |    275 |      0 |   2 |  345.5 |
       Dungeon |    691 |    691 |      0 |    275 |      0 |   2 |  345.5 |
               +--------+--------+--------+--------+--------+-----+--------+

Top non-repeatable levels by time:
     D:1: 657 daAuts
     D:2: 33 daAuts
